 Dungeon Crawl Stone Soup version 0.18-a0-1654-ge73a678 (webtiles) character file.

82 Arkorax the Cutter (level 4, -4/36 HPs)
             Began as a Vine Stalker Berserker on Mar 30, 2016.
             Was a Believer of Trog.
             Killed by nerve-wracking pain
             ... invoked by Grinder
              (11 damage)
             ... while paralysed by Grinder
             ... on level 3 of the Dungeon.
             The game lasted 00:04:12 (1712 turns).

Arkorax the Cutter (Vine Stalker Berserker)         Turns: 1712, Time: 00:04:12

Health: -4/36      AC:  5    Str: 25    XL:     4   Next: 43%
Magic:  0/5        EV:  2    Int:  7    God:    Trog [**....]
Gold:   71         SH:  0    Dex: 14    Spells: 0 memorised, 3 levels left

rFire  . . .     SeeInvis .     a - +1 short sword
rCold  . . .     Gourm    .     d - +0 leather armour (curse)
rNeg   . . .     Faith    .     (no shield)
rPois  .         Spirit   +     t - +1 hat
rElec  .         Dismiss  .     j - +0 cloak
rCorr  .         Reflect  .     (no gloves)
SustAt .         Harm     .     (no boots)
MR     .....                    e - amulet of regeneration
Stlth  ..........               (no ring)
                                (no ring)

@: paralysed, berserking, not resistant to hostile enchantments, extremely
unstealthy
A: fangs 2, regeneration 1, magic shield, antimagic bite, no device heal 3, rot
immunity
a: Berserk, Trog's Hand, Burn Spellbooks, Renounce Religion


You were on level 3 of the Dungeon.
You worshipped Trog.
Trog was pleased with you.
You were not hungry.

You visited 1 branch of the dungeon, and saw 3 of its levels.

You collected 71 gold pieces.

Inventory:

Hand Weapons
 a - a +1 short sword (weapon)
Missiles
 i - 6 tomahawks (quivered)
Armour
 b - a +0 animal skin
 d - a cursed +0 leather armour (worn)
 g - a +0 helmet
 j - a +0 cloak (worn)
 k - a +0 chain mail
 t - a +1 hat (worn)
Jewellery
 e - an amulet of regeneration (around neck)
Scrolls
 c - a scroll of teleportation
 h - 2 scrolls of identify
 o - a scroll of fear
 p - a scroll of enchant weapon
Potions
 f - 2 potions of cure mutation
 l - a potion of mutation {unknown}
 n - a potion of curing {unknown}
Comestibles
 m - 2 beef jerkies


   Skills:
 * Level 3.3 Fighting
 * Level 3.8 Short Blades
 + Level 2.0 Armour
 - Level 1.5 Dodging


You had 3 spell levels left.
You didn't know any spells.

Dungeon Overview and Level Annotations

Branches:
Dungeon (3/15)

Altars:
Ashenzari
Dithmenos
Qazlal
Xom

Annotations:
D:3 Grinder


Innate Abilities, Weirdness & Mutations

You have extremely sharp teeth.
Your natural rate of healing is unusually fast.
When hurt, damage is shared between your health and your magic reserves.
Your bite disrupts and absorbs the magic of your enemies.
Potions and wands cannot restore your health.
You are immune to rotting.


Message History

You feel somewhat more hungry. Grinder hits you.
You writhe in agony.
* * * LOW HITPOINT WARNING * * *
You are too injured to fight recklessly!
You are too injured to fight recklessly!
You are too injured to fight recklessly!
You are too injured to fight recklessly!
You are too injured to fight recklessly!
You closely miss Grinder. Your bite misses Grinder.
Grinder is lightly wounded.
Grinder says, "Tell me all your secrets, or I'll kill you."
Grinder gestures at you.
You suddenly lose the ability to move!
Grinder barely misses you. Grinder hits you.
* * * LOW HITPOINT WARNING * * *
You writhe in agony.
* * * LOW HITPOINT WARNING * * *
Grinder gestures at you. Pain shoots through your body!
You die...

##.##.## .#
......# .#
#.....# .# #
#..##.# .# #.
#..##.# .#
#.##..##.##.#
#.........<.#
####5..#######
+....@..#
####....##
##....#
#.....#
##...## ##.##
#%# #.# #.#


You could see Grinder.

Vanquished Creatures
  3 adders (D:2)
  An ooze (D:1)
  A worm (D:2)
  A dart slug (D:1)
  3 giant geckos
  3 giant cockroaches
  3 goblins (D:2)
  6 hobgoblins
  7 kobolds
  6 bats
  2 giant newts (D:1)
  11 rats
47 creatures vanquished.

Notes
Turn   | Place    | Note
--------------------------------------------------------------
     0 | D:1      | Arkorax the Vine Stalker Berserker began the quest for the Orb.
     0 | D:1      | Reached XP level 1. HP: 11/11 MP: 2/2
   123 | D:1      | Reached XP level 2. HP: 14/16 MP: 1/3
   496 | D:1      | Reached XP level 3. HP: 13/19 MP: 4/4
   822 | D:2      | Reached ** piety under Trog
   954 | D:2      | Found a shattered altar of Ashenzari.
  1002 | D:2      | Found a stormy altar of Qazlal.
  1115 | D:2      | Reached XP level 4. HP: 24/24 MP: 5/5
  1502 | D:2      | Found a shadowy altar of Dithmenos.
  1502 | D:2      | Found a shimmering altar of Xom.
  1701 | D:3      | Noticed Grinder
  1709 | D:3      | Paralysed by Grinder for 4 turns
  1712 | D:3      | Killed from afar by Grinder

Vault maps used:
D:1:      matt_arrival_refuge, serial_bayou_pond_c, kennysheep_boxes
D:2:      grunt_qazlal_sundering, gammafunk_temple_overflow_elements,
          moated_statue, grunt_decor_arrowhead, grunt_ministairs_10,
          ashenzari_altar_1
D:3:      first_bread, uniq_grinder

Skill      XL: |  1  2  3  4 |
---------------+-------------+-----
Short Blades   | 3 |  3.8
Fighting       | 3 |  3.3
Armour         | 2 |  2.0
Dodging        | |  1.5

Action                   |  1- 3 |  4- 6 || total
-------------------------+-------+-------++-------
Melee: Short sword       |   104 |    38 ||   142
Invok: Berserk           |       |     1 ||     1
  Use: Scroll            |     4 |     5 ||     9
 Stab: Sleeping          |     1 |     1 ||     2
  Eat: Chunk             |     1 |       ||     1
       Bread ration      |       |     1 ||     1
